 Dungeon Crawl Stone Soup version 0.21.1-1-g345015f (webtiles) character file.

509 rlgrobin the Skirmisher (level 7, -4/57 HPs)
             Began as a Barachi Fighter on Feb 7, 2018.
             Was a Believer of Ashenzari.
             Shot with an arrow by a centaur (8 damage)
             ... on level 5 of the Dungeon.
             The game lasted 00:11:16 (3750 turns).

rlgrobin the Skirmisher (Barachi Fighter)           Turns: 3750, Time: 00:11:16

Health: -4/57      AC:  7    Str: 20    XL:     7   Next: 19%
Magic:  7/7        EV:  7    Int: 11    God:    Ashenzari [**....]
Gold:   180        SH: 10    Dex: 11    Spells: 6/6 levels left

rFire    . . .     SeeInvis .   a - +1 war axe (curse)
rCold    . . .     Gourm    .   c - +0 shield
rNeg     . . .     Faith    .   p - +0 scale mail (curse)
rPois    +         Spirit   .   (no helmet)
rElec    .         Reflect  .   (no cloak)
rCorr    .         Harm     .   (no gloves)
MR       .....                  (no boots)
Stlth    ..........             n - amulet of regeneration (curse)
HPRegen  0.59/turn              t - ring of poison resistance (curse)
MPRegen  0.10/turn              e - +3 ring of intelligence

@: slow
A: +LOS, swims, slowness 1, strong legs 1
a: Hop, Curse Item, Scrying, Renounce Religion


You were on level 5 of the Dungeon.
You worshipped Ashenzari.
Ashenzari was pleased with you.
You were not hungry.

You visited 1 branch of the dungeon, and saw 5 of its levels.

You collected 180 gold pieces.


Innate Abilities, Weirdness & Mutations

Shadows flee at your approach. (+LOS)
You can swim through water.
You cover ground slowly.
You can hop short distances.


   Skills:
 + Level 5.7 Fighting
 + Level 4.5(6.7) Axes
 + Level 5.6 Armour
 + Level 5.2 Shields


You had 6 spell levels left.
You didn't know any spells.

Inventory:

Hand Weapons
 a - a cursed +1 war axe (weapon)
Armour
 b - a +1 scale mail
 c - a +0 shield (worn)
 i - a +0 helmet
 p - a cursed +0 scale mail (worn)
Jewellery
 e - a +3 ring of intelligence (right hand)
 n - a cursed amulet of regeneration (around neck)
 t - a cursed ring of poison resistance (left hand)
Scrolls
 g - a scroll of enchant weapon
 h - a scroll of teleportation {@r4}
 j - 2 scrolls of enchant armour
 k - a scroll of magic mapping
 l - a scroll of amnesia
 o - a scroll of identify {@r1}
 u - 2 scrolls of random uselessness
Potions
 d - a potion of lignification {!q}
 q - a potion of haste {@q3}
 s - 2 potions of degeneration {!q}
 v - a potion of heal wounds {@q2}
 w - a potion of flight
Comestibles
 f - 10 rations
 r - 7 chunks of flesh

Dungeon Overview and Level Annotations

Branches:
Dungeon (5/15)
 Temple: D:4-7

Altars:
Ashenzari
Nemelex Xobeh

▒g....▒ ▒.......
▒.....▒ ▒.......
▒.....▒ ▒...)...
▒..g..▒ ▒.......
▒.....▒ ▒....... ░
▒.c... ▒.......
▒▒▒▒...▒░ ▒▒▒▒▒... ,,
▒......▒▒▒▒▒▒▒▒▒▒▒▒...
, , ,,
+....F5...............
, ,
▒....Z(▒▒.▒▒▒▒▒▒▒▒▒▒▒▒
...Z......▒▒.▒ ░░ ▒▒ ,
........▒▒▒▒.▒ ▒.....
........ ▒.▒ ▒.....
........, ▒.▒ ▒..... ,
.......▒ ▒.▒ ▒▒▒▒▒▒ ,
, ,.......░ ...░ ░░ ,,
......▒ ...


You could see a centaur, 2 gnolls, a shadow imp, a centaur zombie and an adder
skeleton.


Message History

You block the shadow imp's attack!
You hear a shout!!!
You take 27 damage, and have 7/57 hp!
MASSIVE DAMAGE!!!!!!
Okay, then!
Unknown command!
It was a potion of curing!
You feel better!
The centaur zombie hits you but does no damage!
The centaur shoots an arrow!
You block the arrow!
The centaur zombie hits you but does no damage!
You block the shadow imp's attack!
You hear a shout!!!
A gnoll comes into view!
Ashenzari warns you: It is wielding a flail of protection!
You regained 10 hp, and now have 17/57 hp!
You are too injured to fight recklessly!!!
Unknown command!
You are too injured to fight recklessly!!!
An adder skeleton comes into view!
You block the centaur zombie's attack!
The centaur shoots an arrow!
The arrow hits you! * * * don't die
* * * The shadow imp gestures at you!
Pain shoots through your body!!! * * * don't die
* * * You take 14 damage, and have 3/57 hp!
MASSIVE DAMAGE!!!!!!
The centaur shoots an arrow!
You block the arrow!
The shadow imp sputters!
The shadow imp barely misses you! You block the centaur zombie's attack!
The centaur shoots an arrow!
The arrow hits you!!! rip

Action                   |  1- 3 |  4- 6 |  7- 9 || total
-------------------------+-------+-------+-------++-------
Melee: War axe           |   112 |   137 |    24 ||   273
Invok: Curse Item        |       |     2 |     1 ||     3
  Use: Potion            |     1 |     1 |     1 ||     3
       Scroll            |       |     7 |     6 ||    13
  Eat: Chunk             |     3 |     5 |     3 ||    11
Armor: Scale mail        |    51 |    66 |    22 ||   139
Dodge: Dodged            |    29 |    40 |    14 ||    83
Block: Shield            |    65 |    75 |    26 ||   166

Vault maps used:
D:1:      evilmike_arrival_home_sweet_home, st_stairs_10
D:2:      chequers_ecumenical_altar_island, st_stairs_7
D:3:      first_ration, uniq_robin, uniq_terence
D:4:      nemelex_xobeh_ov_fountains_minmay

Notes
Turn   | Place    | Note
-------+----------+-------------------------------------------
     0 | D:1      | rlgrobin the Barachi Fighter began the quest for the Orb.
     0 | D:1      | Reached XP level 1. HP: 18/18 MP: 1/1
   243 | D:1      | Reached XP level 2. HP: 22/25 MP: 2/2
   578 | D:1      | Reached skill level 4 in Fighting
   675 | D:1      | Reached XP level 3. HP: 29/30 MP: 3/3
   712 | D:1      | Reached skill level 4 in Armour
  1719 | D:2      | Reached XP level 4. HP: 30/38 MP: 4/4
  1758 | D:2      | Reached skill level 3 in Axes
  1772 | D:2      | Reached skill level 4 in Shields
  2286 | D:2      | Found a faded altar of an unknown god.
  2308 | D:2      | Became a worshipper of Ashenzari the Shackled
  2308 | D:2      | Reached * piety under Ashenzari
  2423 | D:3      | Reached XP level 5. HP: 38/43 MP: 5/5
  2661 | D:3      | Noticed Robin
  2696 | D:3      | Killed Robin
  2739 | D:3      | Noticed Terence
  2759 | D:3      | Killed Terence
  3009 | D:4      | Found a sparkling altar of Nemelex Xobeh.
  3146 | D:4      | Reached skill level 5 in Fighting
  3146 | D:4      | Reached XP level 6. HP: 51/51 MP: 6/6
  3191 | D:4      | Noticed rlgrobin's ghost (amateur BaFi)
  3200 | D:4      | Killed rlgrobin's ghost
  3200 | D:4      | Reached skill level 4 in Axes
  3200 | D:4      | Reached skill level 5 in Armour
  3200 | D:4      | Reached skill level 5 in Shields
  3221 | D:4      | Reached XP level 7. HP: 34/56 MP: 7/7
  3330 | D:4      | Reached ** piety under Ashenzari
  3637 | D:5      | Entered Level 5 of the Dungeon
  3749 | D:5      | HP: 3/57 [shadow imp/nerve-wracking pain (12)]
  3750 | D:5      | Shot with an arrow by a centaur

Vanquished Creatures
  The ghost of rlgrobin the Skirmisher, an amateur BaFi (D:4)
  A bullfrog zombie (D:5)
  Terence (D:3)
  2 worker ants
  A hound skeleton (D:4)
  Robin (D:3)
  9 adders
  An ooze (D:2)
  A worm (D:2)
  3 dart slugs
  A leopard gecko (D:1)
  2 orcs (D:3)
  4 bats
  2 giant cockroaches
  14 goblins
  12 hobgoblins
  8 jackals
  3 frilled lizards
  9 kobolds
  A quokka zombie (D:5)
  8 rats
85 creatures vanquished.
